 Dungeon Crawl Stone Soup version 0.16-a0-3643-g096a701 (webtiles) character file.

15691 Ololoev the Arsonist (level 12, -3/59 HPs)
             Began as an Octopode Fire Elementalist on Jan 15, 2015.
             Was a High Priest of Vehumet.
             Shot with an arrow by a centaur warrior (9 damage)
             ... in a volcano on Jan 16, 2015.
             The game lasted 01:20:51 (15746 turns).

Ololoev the Arsonist (Octopode Fire Elementalist)  Turns: 15746, Time: 01:20:51

Health: -3/59      AC:  4    Str:  7    XL:     12   Next: 29%
Magic:  21/35      EV: 12    Int: 21    God:    Vehumet [*****.]
Gold:   436        SH:  0    Dex: 12    Spells: 6 memorised, 10 levels left

rFire  . . .     SeeInvis .     A - +6 whip (elec)
rCold  . . .     Clarity  .     (no shield)
rNeg   . . .     SustAb   .     (helmet restricted)
rPois  +         Gourm    .     (no amulet)
rElec  .         Spirit   .     e - ring of magical power
rCorr  .         Warding  .     u - ring of invisibility
rMut   .         Stasis   .     y - ring of poison resistance (curse)
MR     .....                    (no ring)
Stlth  +++.......               (no ring)
                                (no ring)
                                (no ring)
                                (no ring)

@: very slightly contaminated, hasted, delayed fireball, very quick, not
resistant to hostile enchantments, fairly stealthy
A: almost no armour, amphibious, 8 rings, constrict 8, yellow scales 1,
camouflage 1, deformed body, frail 1, low mp 1, shaggy fur 1, weak 1, gelatinous
body 1
a: Renounce Religion, Release Delayed Fireball, Evoke Invisibility


You were in a volcano.
You worshipped Vehumet.
Vehumet was extremely pleased with you.
You were not hungry.

You visited 3 branches of the dungeon, and saw 15 of its levels.
You also visited: Volcano.

You collected 913 gold pieces.
You spent 477 gold pieces at shops.

Notes
Turn   | Place    | Note
--------------------------------------------------------------
     0 | D:1      | Ololoev, the Octopode Fire Elementalist, began the quest for the Orb.
     0 | D:1      | Reached XP level 1. HP: 11/11 MP: 3/3
   100 | D:1      | Reached XP level 2. HP: 10/17 MP: 0/4
   742 | D:1      | Reached XP level 3. HP: 17/21 MP: 6/6
   805 | D:1      | Learned a level 3 spell: Conjure Flame
  1966 | D:2      | Reached XP level 4. HP: 18/27 MP: 4/8
  2125 | D:2      | Reached skill level 4 in Fire Magic
  2789 | D:3      | Reached XP level 5. HP: 12/31 MP: 4/9
  2797 | D:3      | Learned a level 4 spell: Sticky Flame
  3353 | D:3      | Found a sparkling altar of Nemelex Xobeh.
  3354 | D:3      | Upgraded the game from 0.16-a0-3636-gf0307c9 to 0.16-a0-3643-g096a701
  3361 | D:3      | Found a bloodstained altar of Trog.
  3777 | D:4      | Noticed an ogre
  3792 | D:4      | Killed an ogre
  3792 | D:4      | Reached skill level 5 in Fire Magic
  3792 | D:4      | Reached XP level 6. HP: 22/36 MP: 2/11
  3884 | D:4      | Found a staircase to the Ecumenical Temple.
  3924 | Temple   | Entered the Ecumenical Temple
  3968 | Temple   | Became a worshipper of Vehumet
  4144 | D:4      | Noticed Menkaure
  4154 | D:4      | Killed Menkaure
  4437 | D:4      | Reached XP level 7. HP: 41/41 MP: 1/13
  4536 | D:4      | Found a sparkling altar of Nemelex Xobeh.
  4609 | D:4      | Noticed an ogre
  4618 | D:4      | Killed an ogre
  4618 | D:4      | Reached skill level 6 in Fire Magic
  4645 | D:4      | Acquired Vehumet's first power
  4645 | D:4      | Offered knowledge of Magic Dart by Vehumet.
  4754 | D:4      | Found a glowing silver altar of Zin.
  4863 | D:4      | Reached skill level 5 in Conjurations
  5284 | D:5      | Entered Level 5 of the Dungeon
  5298 | D:5      | Noticed Dowan
  5312 | D:5      | Killed Dowan
  5428 | D:5      | Noticed Duvessa
  5435 | D:5      | Killed Duvessa
  5626 | D:5      | Reached XP level 8. HP: 44/46 MP: 16/16
  5634 | D:5      | Learned a level 5 spell: Fireball
  6052 | D:5      | Reached skill level 7 in Fire Magic
  6098 | D:5      | Noticed DayBay's ghost (experienced TrMo)
  6104 | D:5      | Killed DayBay's ghost
  6211 | D:5      | Offered knowledge of Throw Frost by Vehumet.
  6394 | D:5      | Reached skill level 8 in Fire Magic
  6663 | D:6      | Reached XP level 9. HP: 51/51 MP: 2/18
  6778 | D:6      | Found Ixuotymu's Elemental Accessories.
  7007 | D:6      | Offered knowledge of Mephitic Cloud by Vehumet.
  7227 | D:6      | Acquired Vehumet's second power
  7906 | D:7      | Learned a level 3 spell: Mephitic Cloud
  7970 | D:7      | Found a bloodstained altar of Trog.
  8098 | D:7      | Offered knowledge of Dazzling Spray by Vehumet.
  8202 | D:7      | Reached skill level 5 in Spellcasting
  8425 | D:7      | Found Crozoavy's Distillery.
  8433 | D:7      | Bought a potion of mutation for 30 gold pieces
  8433 | D:7      | Bought a potion of berserk rage for 60 gold pieces
  8433 | D:7      | Bought a potion of curing for 36 gold pieces
  8433 | D:7      | Bought a potion of poison for 12 gold pieces
  8433 | D:7      | Bought a potion of ambrosia for 96 gold pieces
  8433 | D:7      | Gained mutation: You are covered in fur (AC +1). [potion of mutation]
  8433 | D:7      | Gained mutation: You are weak. (Str -2) [potion of mutation]
  8433 | D:7      | Gained mutation: Your magical capacity is low (-10% MP). [potion of mutation]
  8453 | D:7      | Found a shimmering altar of Xom.
  8845 | D:8      | Noticed a wandering mushroom
  8847 | D:8      | Noticed a wandering mushroom
  8863 | D:8      | Killed a wandering mushroom
  8876 | D:8      | Killed a wandering mushroom
  8876 | D:8      | Reached skill level 9 in Fire Magic
  8876 | D:8      | Reached XP level 10. HP: 41/56 MP: 10/21
  8963 | D:8      | Found a staircase to the Lair.
  9222 | D:8      | Noticed a wandering mushroom
  9233 | D:8      | Killed a wandering mushroom
  9476 | D:8      | Found a basalt altar of Yredelemnul.
  9509 | D:8      | Noticed Eustachio
  9517 | D:8      | Noticed Erolcha
  9522 | D:8      | Killed Eustachio
  9525 | D:8      | Killed Erolcha
  9643 | D:8      | Acquired Vehumet's third power
  9701 | D:8      | Found a deep blue altar of Sif Muna.
  9872 | D:8      | Offered knowledge of Venom Bolt by Vehumet.
  9872 | D:8      | Reached skill level 10 in Fire Magic
  9879 | D:8      | Gained mutation: Your body is misshapen. [mutagenic meat]
  9880 | D:8      | Gained mutation: You are partially covered in yellow scales (AC +2). [mutagenic meat]
  9911 | D:9      | Gained mutation: You are frail (-10% HP). [potion of mutation]
  9960 | D:9      | Found Waaca's Magic Scroll Emporium.
  9966 | D:9      | Bought a scroll of enchant armour for 105 gold pieces
  9966 | D:9      | Bought a scroll of teleportation for 42 gold pieces
  9993 | D:9      | Found Mnempoer's General Store.
  9997 | D:9      | Bought a potion of invisibility for 96 gold pieces
 10901 | D:9      | Reached skill level 10 in Conjurations
 11066 | D:10     | Entered Level 10 of the Dungeon
 11148 | D:10     | Reached XP level 11. HP: 24/54 MP: 23/23
 11625 | D:10     | Noticed Josephine
 11633 | D:10     | Killed Josephine
 11633 | D:10     | Reached skill level 11 in Fire Magic
 11792 | D:10     | Offered knowledge of Delayed Fireball by Vehumet.
 11801 | D:10     | Learned a level 7 spell: Delayed Fireball
 12036 | D:10     | Noticed a hill giant
 12041 | D:10     | Killed a hill giant
 12165 | D:10     | Noticed Fannar
 12168 | D:10     | Killed Fannar
 12194 | D:10     | Found a staircase to the Orcish Mines.
 13226 | D:11     | Found a glowing silver altar of Zin.
 13901 | D:12     | Reached skill level 12 in Fire Magic
 14051 | D:12     | Noticed a hill giant
 14061 | D:12     | Killed a hill giant
 14061 | D:12     | Reached XP level 12. HP: 59/59 MP: 21/25
 14227 | D:12     | Noticed a hill giant
 14227 | D:12     | Noticed a centaur warrior
 14229 | D:12     | HP: 1/59 [centaur warrior/arrow (21)]
 14504 | Orc:1    | Entered Level 1 of the Orcish Mines
 14798 | Orc:2    | Noticed Erica
 14807 | Orc:2    | Killed Erica
 14867 | Orc:2    | Found a dark tunnel.
 14886 | Volcano  | Entered a volcano
 15742 | Volcano  | Noticed a centaur warrior
 15746 | Volcano  | Shot with an arrow by a centaur warrior

Inventory:

Hand weapons
 A - a +6 whip of electrocution (weapon)
Jewellery
 e - a ring of magical power (left tentacle)
 u - a ring of invisibility (right tentacle)
 y - a cursed ring of poison resistance (on tentacle)
Scrolls
 a - 2 scrolls of recharging {unknown}
 f - 4 scrolls of noise {unknown}
 h - 3 scrolls of amnesia
 s - 4 scrolls of remove curse
 t - 5 scrolls of teleportation
 w - 2 scrolls of enchant armour
 x - 2 scrolls of fog {unknown}
 I - a scroll of torment {unknown}
Potions
 d - 6 potions of restore abilities
 g - 3 potions of haste
 j - 4 potions of curing
 k - 2 potions of might
 l - a potion of experience {unknown}
 p - a potion of resistance
 q - 6 potions of brilliance
 v - 2 potions of magic {unknown}
 B - a potion of cure mutation {unknown}
 C - 2 potions of ambrosia
 D - 2 potions of berserk rage
 E - a potion of lignification {unknown}
 F - a potion of agility {unknown}
Books
 b - a book of Flames

   Spells                             Type                      Level
   a - Flame Tongue                   Conjuration/Fire             1
   b - Throw Flame                    Conjuration/Fire             2
   c - Conjure Flame                  Conjuration/Fire             3
   d - Inner Flame                    Hexes/Fire                   3
   e - Sticky Flame                   Conjuration/Fire             4
   f - Fireball                       Conjuration/Fire             5
Comestibles
 c - 6 bread rations
 m - 10 meat rations
 o - 5 beef jerkies

Table legend:
 A = Turns spent in this place as a percentage of turns spent in the entire game.
 B = Non-inter-level travel turns spent in this place as a percentage of non-inter-level travel turns spent in the entire game.
 C = Inter-level travel turns spent in this place as a percentage of turns spent in this place.
 D = Turns resting spent in this place as a percentage of non-inter-level travel turns spent in this place.
 E = Turns spent auto-exploring this place as a percentage of non-inter-level travel turns spent in this place.
 F = Non-inter-level travel turns spent in this place divided by the number of levels of this place that you've seen.
                   A       B       C       D       E      F
               +-------+-------+-------+-------+-------+----------------------
         Total | 100.0 | 100.0 |   0.5 |  10.1 |  10.5 | 233.4
       Dungeon |  88.4 |  88.4 |   0.5 |   9.9 |  11.5 | 274.9
        Temple |   0.3 |   0.3 |   8.3 |   0.0 |  27.3 |  11.0
  Orcish Mines |   3.9 |   3.9 |   0.7 |   7.6 |   5.6 |  72.0
       Volcano |   7.5 |   7.5 |   0.0 |  13.9 |   0.0 | 280.0
               +-------+-------+-------+-------+-------+----------------------


   Skills:
 - Level 2.0 Dodging
 - Level 2.6 Stealth
 + Level 8.8 Spellcasting
 * Level 12.1 Conjurations
 * Level 12.5 Fire Magic


You had 10 spell levels left.
You knew the following spells:

 Your Spells              Type           Power        Failure   Level  Hunger
a - Flame Tongue          Conj/Fire      #####        1%          1    None
b - Conjure Flame         Conj/Fire      ######..     1%          3    None
c - Sticky Flame          Conj/Fire      ######..     1%          4    ###....
d - Fireball              Conj/Fire      ######....   1%          5    #####..
e - Mephitic Cloud        Conj/Pois/Air  ####....     1%          3    None
f - Delayed Fireball      Conj/Fire      N/A          11%         7    #######


Dungeon Overview and Level Annotations

Branches:
Dungeon (12/15)            Temple (1/1) D:4            Lair (0/8) D:8
    Orc (2/4) D:10

Altars:
Kikubaaqudgha
Nemelex Xobeh
Qazlal
Sif Muna
Trog
Vehumet
Xom
Yredelemnul
Zin

Shops:
D:6 *   D:7 !   D:9 ?*

Annotations:
Volcano exclusion: 6 statues


Innate Abilities, Weirdness & Mutations

You cannot wear most types of armour.
You are amphibious.
You can wear up to eight rings at the same time.
You can use your tentacles to constrict many enemies at once.
Your skin changes colour to match your surroundings (Stealth).
Your rubbery body absorbs attacks (AC +1).
You are partially covered in yellow scales (AC +2).
Your body is misshapen.
You are frail (-10% HP).
Your magical capacity is low (-10% MP).
You are covered in fur (AC +1).
You are weak. (Str -2)


Message History

The ball explodes into a vile cloud!
The stinking cloud engulfs the yaktaur.
The yaktaur is engulfed in noxious fumes.
The yaktaur appears confused.
The yaktaur falls into the lava!
The yaktaur is incinerated.
Vehumet accepts your kill.
You feel your power returning.
You hear a sizzling splash. x2
A yaktaur comes into view. It is wielding an arbalest.
The yaktaur is engulfed in noxious fumes.
The yaktaur appears confused.
The yaktaur moves out of view.
The yaktaur falls into the lava!
The yaktaur is incinerated.
Vehumet accepts your kill.
You hear a sizzling splash. x4
You start resting.
The centaur warrior drinks a potion.
The centaur warrior suddenly seems more resistant.
A centaur warrior comes into view. It is wielding a shortbow of flaming.
The centaur warrior shoots an arrow.
The arrow hits you!! The arrow burns you!
Drink which item? (? for menu, Esc to quit)
You feel much better.
The centaur warrior shoots an arrow.
The arrow closely misses you.
Drink which item? (? for menu, Esc to quit)
You feel yourself speed up.
The centaur warrior shoots an arrow.
The arrow misses you.
You are very lightly contaminated with residual magic.
Casting: Mephitic Cloud
Confirm with . or Enter, or press ? or * to list all spells.
Aiming: Fireball
Press: ? - help, Shift-Dir - straight line, f - centaur warrior
Aim: a centaur warrior, wielding a shortbow of flaming and wearing a robe of fire resistance (unusually resistant)
Okay, then.
Casting: Fireball
Confirm with . or Enter, or press ? or * to list all spells.
Aiming: Mephitic Cloud
Press: ? - help, Shift-Dir - straight line The ball explodes into a vile cloud!
The stinking cloud engulfs the centaur warrior.
The centaur warrior shoots an arrow.
The arrow hits you! The arrow burns you.
The centaur warrior shoots an arrow.
The arrow hits you!! The arrow burns you!
You die...

§§≈≈ .§≈§§
#########§# §.≈§
#..§c...≈§# #..≈
#.§§§≈≈#.## ###..≈
#.§§≈≈#######8.§..
#.§≈###...'....§§.
#.§##8#.#####8....
#@≈#8#.## ####..
#(###.#8# ###
##.#.#8## #8.#.###
##..#8# ######


You could see a centaur warrior.

Table legend:
 A = Kills in this place as a percentage of kills in entire the game.
 B = Kills by you in this place as a percentage of kills by you in the entire game.
 C = Kills by friends in this place as a percentage of kills by friends in the entire game.
 D = Other kills in this place as a percentage of other kills in the entire game.
 E = Experience gained in this place as a percentage of experience gained in the entire game.
 F = Experience gained in this place divided by the number of levels of this place that you have seen.
                   A       B       C       D       E      F
               +-------+-------+-------+-------+-------+----------------------
         Total | 100.0 | 100.0 |  -nan | 100.0 | 100.0 | 1401.0
       Dungeon |  91.6 |  92.1 |  -nan |   0.0 |  84.5 | 1578.2
  Orcish Mines |   5.5 |   5.6 |  -nan |   0.0 |   9.8 | 1102.5
       Volcano |   2.9 |   2.4 |  -nan | 100.0 |   5.7 | 1273.0
               +-------+-------+-------+-------+-------+----------------------

Vanquished Creatures
  Josephine (D:10)
  Fannar (D:10)
  Erica (Orc:2)
  Erolcha (D:8)
  2 hill giants
  An orc sorcerer (Orc:2)
  The ghost of DayBay the Ducker, an experienced TrMo of Nemelex Xobeh (D:5)
  2 yaktaurs (Volcano)
  3 trolls
  A trapdoor spider zombie (D:11)
  3 wandering mushrooms (D:8)
  A deep elf mage (D:11)
  A centaur simulacrum (D:10)
  A fire bat (Volcano)
  A wraith (D:10)
  8 yaks
  Eustachio (D:8)
  2 hungry ghosts
  3 hippogriffs
  Menkaure (D:4)
  A sky beast (D:8)
  8 ogres
  8 orc warriors
  4 black bears
  2 necrophages (D:11)
  2 phantoms
  An ice beast (D:7)
  8 centaurs
  Duvessa (D:5)
  5 giant frogs
  4 scorpions
  4 killer bees (D:12)
  8 lava snakes (Volcano)
  5 crimson imps
  2 goliath beetles
  Dowan (D:5)
  12 orc wizards
  6 hounds
  A quasit (D:8)
  A centaur zombie (D:9)
  3 iguanas
  12 orc priests
  4 centaur skeletons
  4 jellies
  3 giant frog skeletons
  8 worker ants
  A giant frog simulacrum (D:10)
  2 hound zombies
  2 hound skeletons (D:10)
  A mummy (D:12)
  6 gnolls (D:6)
  A worker ant zombie (D:9)
  A hound simulacrum (D:10)
  11 adders
  A giant mite (D:4)
  A shadow imp (D:5)
  3 adder skeletons
  An adder zombie (D:6)
  An elf skeleton (D:5)
  2 oozes (D:3)
  65 orcs
  17 bats
  9 giant cockroaches
  11 goblins
  17 hobgoblins
  8 jackals
  15 kobolds
  8 quokkas
  5 ball pythons
  6 giant geckos
  7 giant newts
  3 giant spores
  A jackal skeleton (D:4)
  A kobold zombie (D:5)
  An orc skeleton (D:10)
  18 rats
  5 ballistomycetes
385 creatures vanquished.

Vanquished Creatures (others)
  A troll (D:11)
  An orc (Orc:2)
2 creatures vanquished.

Grand Total: 387 creatures vanquished

Action                   |  1- 3 |  4- 6 |  7- 9 | 10-12 || total
-------------------------+-------+-------+-------+-------++-------
Melee: Unarmed           |    93 |    38 |       |       ||   131
       War axe           |       |    18 |    92 |       ||   110
       Whip              |       |       |    17 |   136 ||   153
 Cast: Flame Tongue      |    44 |    66 |   152 |   180 ||   442
       Conjure Flame     |       |     4 |    21 |    24 ||    49
       Sticky Flame      |       |     2 |    15 |    43 ||    60
       Fireball          |       |       |     7 |    64 ||    71
       Delayed Fireball  |       |       |       |     3 ||     3
       Mephitic Cloud    |       |       |       |     9 ||     9
 Abil: Release Delayed F |       |       |       |     2 ||     2
Evoke: Wand              |       |       |     3 |       ||     3
  Use: Scroll            |       |       |    12 |     2 ||    14
       Potion            |       |       |     1 |    13 ||    14
 Stab: Sleeping          |     1 |     5 |     6 |     1 ||    13
       Distracted        |       |       |     1 |       ||     1
  Eat: Chunk             |     4 |     8 |    20 |    40 ||    72
       Pizza             |       |       |     1 |       ||     1
       Fruit             |       |       |       |     3 ||     3
       Royal jelly       |       |       |       |     2 ||     2

Vault maps used:
D:1:      dpeg_arrival_stone_temple_mockup, dk_noncrumbling_3
D:3:      amethyst_overflow_temple_binary, grunt_ministairs_8
D:4:      lemuel_round_altar, minmay_temple_entry_glassed_door,
          nemelex_lonely_heart_becter, uniq_menkaure
D:5:      first_bread, zaba_anthole, uniq_duvessa
D:6:      nicolae_elemental_shop
D:7:      lemuel_doored_altar, basic_altar, serial_shops, kennysheep_little_box
D:8:      kennysheep_mini, dpeg_oklobed_lair, basic_altar, uniq_eustachio,
          uniq_erolcha
D:9:      serial_shops, nicolae_shop_temple_entry_statues_fountains, shop,
          kennysheep_doodads
D:10:     david_orc_4, uniq_fannar, uniq_josephine
D:11:     basic_altar
D:12:     minmay_expanding_squares
Temple:   minmay_temple_curvy_14
Orc:2:    lightli_volcano_entry_magma_tube, uniq_psyche, uniq_erica
Volcano:  volcano_grotto
